 Dungeon Crawl Stone Soup version 0.30.0-20-g3615ddf2f0 (webtiles) character file.

Game seed: 1499571370300971558

518 qw the Chopper (level 7, -3/44 HPs)
             Began as a Gargoyle Fighter on May 27, 2023.
             Slain by a gnoll
             ... wielding a +0 whip of venom
              (5 damage)
             ... on level 4 of the Dungeon.
             The game lasted 00:01:50 (3399 turns).

qw the Chopper (Gargoyle Fighter)                   Turns: 3399, Time: 00:01:51

Health: -3/44      AC: 16    Str: 21    XL:     7   Next: 21%
Magic:  7/7        EV:  1    Int:  9    God:
Gold:   200        SH:  0    Dex: 15    Spells: 6/6 levels left

rFire   + + .        e - +1 war axe of Collusion {flame, +Blink rF++}
rCold   . . .        c - +0 buckler
rNeg    + . .        f - +0 chain mail
rPois   inf          (no helmet)
rElec   +            j - +1 cloak
rCorr   .            (no gloves)
SInv    .            (no boots)
Will    .....        (no amulet) Stlth
                     m - +6 ring of dexterity
HPRegen 0.27/turn    (no ring)
MPRegen 0.10/turn

%: no passive effects
@: held, constricted
A: sickness immunity, AC +4, negative energy resistance 1, electricity
resistance, torment resistance 1, petrification resistance
a: Evoke Blink


You were on level 4 of the Dungeon.
You visited 1 branch of the dungeon, and saw 4 of its levels.

You collected 200 gold pieces.


Innate Abilities, Weirdness & Mutations

You are immune to sickness and miasma.
Your stone body is resilient. (AC +4)
You are immune to poison.
You resist negative energy. (rN+)
You are resistant to electric shocks. (rElec)
You are resistant to unholy torment.
You are immune to petrification.


   Skills:
 - Level 4.5 Fighting
 + Level 6.2 Axes
 - Level 3.2 Armour
 - Level 1.0 Dodging
 - Level 3.2 Shields


You had 6 spell levels left.
You didn't know any spells.
Your spell library was empty.

Inventory:

Hand Weapons
 e - the +1 war axe of Collusion (weapon) {flame, +Blink rF++}
   (You acquired it on level 1 of the Dungeon)

   rF:        It greatly protects you from fire.
   +Blink:    It lets you blink.
Missiles
 o - 3 boomerangs (quivered)
Armour
 c - a +0 buckler (worn)
 f - a +0 chain mail (worn)
 j - a +1 cloak (worn)
Jewellery
 m - a +6 ring of dexterity (left hand)
Scrolls
 a - 2 scrolls of identify
 l - a scroll of enchant weapon
Potions
 b - a potion of magic {unknown}
 d - 2 potions of might
 g - a potion of resistance
 h - a potion of degeneration {unknown}
 i - a potion of berserk rage {unknown}
 k - a potion of curing {unknown}
 n - a potion of heal wounds {unknown}
 p - a potion of lignification {unknown}
 q - a potion of attraction {unknown}

Dungeon Overview and Level Annotations

Branches:
Dungeon (4/15)
 Temple: D:4-7

Altars:
Cheibriados
Kikubaaqudgha
Ru


Message History

The hobgoblin hits you but does no damage.
The adder bites you but does no damage.
The ball python bites you but does no damage.
The ball python constricts you. The adder bites you but does no damage.
The gnoll hits you but does no damage. x2
The gnoll hits you with a +0 flail.
The hobgoblin hits you but does no damage.
The ball python bites you. The ball python constricts you.
The adder bites you but does no damage.
The ball python bites you but does no damage.
The ball python constricts you.
The gnoll hits you but does no damage. x2
The hobgoblin hits you but does no damage.
The gnoll hits you with a +0 flail. The adder bites you but does no damage.
The ball python bites you but does no damage.
The ball python constricts you. The gnoll barely misses you.
The gnoll hits you but does no damage. x2
The hobgoblin hits you but does no damage.
The adder bites you but does no damage.
The ball python bites you but does no damage.
The ball python constricts you.
The gnoll hits you from afar with a +0 spear.
The adder bites you but does no damage. The gnoll hits you but does no damage.
The gnoll hits you with a +0 flail.
The hobgoblin hits you but does no damage.
The ball python bites you but does no damage.
The ball python constricts you. The adder barely misses you.
The gnoll hits you but does no damage. x3
The hobgoblin hits you. The ball python bites you.
The ball python constricts you. The adder bites you but does no damage.
The gnoll hits you but does no damage.
The gnoll hits you with a +0 whip of venom.
The gnoll hits you but does no damage.
The hobgoblin hits you but does no damage.
The ball python bites you but does no damage.
The ball python constricts you. The adder bites you but does no damage.
The ball python bites you but does no damage.
The ball python constricts you.
The gnoll hits you from afar with a +0 spear.
The gnoll hits you with a +0 whip of venom.
You die...

#...............###.#..
#<...)...##...#.....#..
..............###.###....###+
...................#...%.#...
.#...............#.......#...
##..............###.....+##'
.........##.....# #.....#..#
..........##..#..###....##..#
###...8...#S@g#...#.....##..#
......ggS.........#.+..+
....)g..............#..#
.............###....#..#
...$.........# #.#..#..#
.............####...+##+
...................<#...
..8...........).....#...
..................###+


You could see 3 gnolls, an adder, a hobgoblin and a ball python.

Vanquished Creatures
  A scorpion (D:4)
  A water moccasin zombie (D:4)
  2 bullfrog zombies (D:4)
  A jelly (D:4)
  An orc priest (D:3)
  Jessica (D:3)
  An iguana (D:4)
  2 hound skeletons (D:4)
  A howler monkey skeleton (D:4)
  A howler monkey zombie (D:4)
  4 gnolls
  2 adders
  2 adder skeletons (D:4)
  2 adder zombies (D:4)
  5 dart slugs
  8 orcs
  4 ball pythons
  6 endoplasms
  3 giant cockroaches
  9 hobgoblins
  3 jackals (D:2)
  4 quokkas
  10 bats
  4 frilled lizards
  10 goblins
  4 kobolds
  5 rats
97 creatures vanquished.

Notes
Turn   | Place    | Note
-------+----------+-------------------------------------------
     0 | D:1      | qw the Gargoyle Fighter began the quest for the Orb.
     0 | D:1      | Reached XP level 1. HP: 14/14 MP: 1/1
     0 | D:1      | 0 ||| qw: Version: 0.2-a-99-gce666ed
     0 | D:1      | 0 ||| qw: Game counter: 158
     0 | D:1      | 0 ||| qw: Always use a shield: true
     0 | D:1      | 0 ||| qw: God list: Okawaru
     0 | D:1      | 0 ||| qw: Allow faded altars: false
     0 | D:1      | 0 ||| qw: Do Orc after D:15 true
     0 | D:1      | 0 ||| qw: Do second Lair branch before Depths: true
     0 | D:1      | 0 ||| qw: Lair rune preference: random
     0 | D:1      | 0 ||| qw: Plans: Normal, Zot:1-4, God:TSO, Crypt, Tomb,
                  | Pan, Slime:5, Hells, Abyss, Win
     0 | D:1      | 0 ||| PLANNING D:1-11
    63 | D:1      | Reached skill level 2 in Axes
   220 | D:1      | Reached XP level 2. HP: 19/19 MP: 2/2
   349 | D:1      | 349 ||| Stepping ~*~*~tactically~*~*~ (hiding).
   397 | D:1      | 397 ||| DROPPING +0 club.
   582 | D:1      | 582 ||| Stepping ~*~*~tactically~*~*~ (stealth).
   619 | D:1      | Reached skill level 3 in Axes
   906 | D:1      | Reached XP level 3. HP: 23/23 MP: 3/3
   985 | D:1      | 985 ||| UPGRADING to +6 ring of dexterity.
   986 | D:1      | 986 ||| READING 2 scrolls labelled XOFUOL KINGE.
   987 | D:1      | 987 ||| READING scroll labelled LALAHIASH DANK.
   987 | D:1      | Identified a scroll of acquirement
   987 | D:1      | 987 ||| ACQUIRING +1 war axe of Collusion {flame, +Blink
                  | rF++}
   987 | D:1      | Acquired the +1 war axe of Collusion {flame, +Blink rF++}
   989 | D:1      | 989 ||| SWAPPING to +1 war axe of Collusion {flame, +Blink
                  | rF++}.
   990 | D:1      | 990 ||| DROPPING +0 whip.
   991 | D:1      | 991 ||| DROPPING +0 war axe.
   992 | D:1      | 992 ||| READING 2 scrolls labelled YFUOKL DERGHAPT.
   993 | D:1      | 993 ||| READING scroll labelled UPAIXA TADY.
   994 | D:1      | 994 ||| READING scroll labelled HOAHIN XIOH.
  1116 | D:2      | 1116 ||| STAIRDANCE
  1208 | D:2      | 1208 ||| Stepping ~*~*~tactically~*~*~ (stealth).
  1210 | D:2      | 1210 ||| Stepping ~*~*~tactically~*~*~ (stealth).
  1216 | D:2      | Reached skill level 1 in Dodging
  1302 | D:2      | 1302 ||| Stepping ~*~*~tactically~*~*~ (hiding).
  1306 | D:2      | 1306 ||| Stepping ~*~*~tactically~*~*~ (hiding).
  1308 | D:2      | 1308 ||| Stepping ~*~*~tactically~*~*~ (hiding).
  1309 | D:2      | 1309 ||| Stepping ~*~*~tactically~*~*~ (stealth).
  1321 | D:2      | 1321 ||| Stepping ~*~*~tactically~*~*~ (stealth).
  1322 | D:2      | 1322 ||| Stepping ~*~*~tactically~*~*~ (stealth).
  1362 | D:2      | Reached XP level 4. HP: 24/28 MP: 4/4
  1447 | D:2      | 1447 ||| UPGRADING to +0 cloak.
  1452 | D:2      | 1452 ||| READING scroll labelled LUINLEXUKA.
  1453 | D:2      | 1453 ||| READING scroll labelled NITHOD KEPUXOL.
  1457 | D:2      | 1457 ||| READING 3 scrolls labelled FORUTT AZXYAB.
  1458 | D:2      | 1458 ||| DROPPING 2 scrolls of fog.
  1476 | D:2      | 1476 ||| STAIRDANCE
  1480 | D:2      | 1480 ||| STAIRDANCE
  1484 | D:2      | 1484 ||| STAIRDANCE
  1488 | D:2      | 1488 ||| STAIRDANCE
  1492 | D:2      | 1492 ||| STAIRDANCE
  1496 | D:2      | 1496 ||| STAIRDANCE
  1500 | D:2      | 1500 ||| STAIRDANCE
  1504 | D:2      | 1504 ||| STAIRDANCE
  1508 | D:2      | 1508 ||| STAIRDANCE
  1512 | D:2      | 1512 ||| STAIRDANCE
  1516 | D:2      | 1516 ||| STAIRDANCE
  1520 | D:2      | 1520 ||| STAIRDANCE
  1524 | D:2      | 1524 ||| STAIRDANCE
  1528 | D:2      | 1528 ||| STAIRDANCE
  1532 | D:2      | 1532 ||| STAIRDANCE
  1536 | D:2      | 1536 ||| STAIRDANCE
  1540 | D:2      | 1540 ||| STAIRDANCE
  1544 | D:2      | 1544 ||| STAIRDANCE
  1548 | D:2      | 1548 ||| STAIRDANCE
  1635 | D:2      | 1635 ||| FLEEEEING.
  1636 | D:2      | 1636 ||| FLEEEEING.
  1662 | D:2      | 1662 ||| Stepping ~*~*~tactically~*~*~ (hiding).
  1663 | D:2      | 1663 ||| Stepping ~*~*~tactically~*~*~ (hiding).
  1682 | D:2      | Found a snail-covered altar of Cheibriados.
  1835 | D:2      | 1835 ||| UPGRADING to +0 chain mail.
  1845 | D:2      | 1845 ||| DROPPING +0 scale mail.
  1846 | D:2      | 1846 ||| READING 2 scrolls of identify.
  1846 | D:2      | 1846 ||| IDENTIFYING puce potion
  1981 | D:3      | Reached skill level 4 in Axes
  1998 | D:3      | 1998 ||| Stepping ~*~*~tactically~*~*~ (stealth).
  2076 | D:3      | Found an ancient bone altar of Kikubaaqudgha.
  2080 | D:3      | Noticed Jessica
  2083 | D:3      | Killed Jessica
  2084 | D:3      | Reached XP level 5. HP: 32/32 MP: 5/5
  2129 | D:3      | 2129 ||| Stepping ~*~*~tactically~*~*~ (stealth).
  2229 | D:3      | Found a snail-covered altar of Cheibriados.
  2466 | D:3      | 2466 ||| Stepping ~*~*~tactically~*~*~ (hiding).
  2592 | D:3      | 2592 ||| Stepping ~*~*~tactically~*~*~ (hiding).
  2794 | D:3      | 2794 ||| READING 2 scrolls labelled NOIXZUSKIJE.
  2795 | D:3      | 2795 ||| READING scroll of enchant armour.
  2795 | D:3      | 2795 ||| ENCHANTING +0 cloak.
  2833 | D:4      | 2833 ||| STAIRDANCE
  2833 | D:4      | HP: 8/32 [gnoll/+0 halberd (10)]
  2833 | D:4      | HP: 2/32 [gnoll/+0 whip (6)]
  2960 | D:4      | Reached skill level 5 in Axes
  2964 | D:4      | Reached XP level 6. HP: 38/38 MP: 6/6
  2965 | D:4      | 2965 ||| STAIRDANCE
  3200 | D:4      | Reached XP level 7. HP: 37/44 MP: 7/7
  3262 | D:4      | Found a sacrificial altar of Ru.
  3305 | D:4      | 3305 ||| Stepping ~*~*~tactically~*~*~ (stealth).
  3306 | D:4      | 3306 ||| Stepping ~*~*~tactically~*~*~ (stealth).
  3309 | D:4      | Reached skill level 6 in Axes
  3397 | D:4      | HP: 10/44 [ball python (2)]
  3398 | D:4      | HP: 4/44 [gnoll/+0 whip of venom (6)]
  3399 | D:4      | Slain by a gnoll

Levels and vault maps discovered:
D:1:      spicycebolla_arrival_ecumenical, layout_basic, minmay_tromino_i4
D:2:      layout_basic, basic_altar, minmay_randomly_rotated_circles
D:3:      layout_basic, mainiacjoe_overflow_brackets,
          nicolae_overflow_crystal_walls, grunt_decor_arrowhead,
          minmay_starry_boxes, uniq_jessica
D:4:      layout_cave_pools, mainiacjoe_overflow_24_doors, serial_undead,
          serial_undead_a, serial_undead_e, serial_undead_d, serial_undead_d

Skill      XL: |  1  2  3  4  5  6  7 |
---------------+----------------------+-----
Axes           | 2 3 4 5 6 |  6.2
Dodging        | 1 |  1.0
Fighting       | 4 |  4.5
Armour         | |  3.2
Shields        | |  3.2

Action                     |  1- 3 |  4- 6 |  7- 9 || total
---------------------------+-------+-------+-------++-------
  Melee: War axe           |   121 |    87 |    10 ||   218
  Throw: Boomerang         |       |    42 |    14 ||    56
    Use: Scroll            |     5 |     6 |       ||    11
 Armour: Scale mail        |    64 |     5 |       ||    69
         Chain mail        |       |    50 |    56 ||   106
  Dodge: Dodged            |    59 |    34 |     9 ||   102
  Block: Buckler           |    32 |    18 |       ||    50

Table legend:
 A = Non-vault XP
 B = Vault XP
 C = Vault XP percentage of total XP
 D = Non-vault monster count
 E = Vault monster count
 F = Vault count percentage of total count
                 A         B        C        D         E       F
            +---------+---------+-------+---------+---------+-------
      Total |     405 |     335 |  45.3 |      70 |      27 |  27.8
            +---------+---------+-------+---------+---------+-------
        D:1 |      27 |       7 |  20.6 |      19 |       4 |  17.4
        D:2 |      64 |      14 |  17.9 |      23 |       6 |  20.7
        D:3 |     103 |      47 |  31.3 |      19 |       6 |  24.0
        D:4 |     211 |     267 |  55.9 |       9 |      11 |  55.0
            +---------+---------+-------+---------+---------+-------
